 Dungeon Crawl Stone Soup version 0.30-a0-989-g0d87f670db (webtiles) character file.

Game seed: 8515509478476693720

26840 Newt the Basher (level 13, 0/103 HPs)
             Began as a Demonspawn Gladiator on Apr 3, 2023.
             Was a Believer of Hepliaklqana.
             Slain by a dire elephant simulacrum (21 damage)
             ... in an ice cave.
             The game lasted 00:21:39 (15509 turns).

Newt the Basher (Demonspawn Gladiator)             Turns: 15509, Time: 00:21:40

Health: 0/103      AC: 12    Str: 19    XL:     13   Next: 1%
Magic:  22/23      EV: 23    Int: 15    God:    Hepliaklqana [**....]
Gold:   915        SH:  0    Dex: 15    Spells: 12/12 levels left

rFire   . . .      SeeInvis .    Z - +1 demon whip (venom)
rCold   . . .      Faith    .    (no shield)
rNeg    . . .      Spirit   .    b - +0 leather armour
rPois   .          Reflect  .    V - +3 hat of Pondering {ponderous, Will+ MP+10 Int+5}
rElec   .          Rampage  .    m - +0 cloak
rCorr   .                        (no gloves)
Will    +....                    c - +0 pair of boots
Stlth   +                        A - amulet of the acrobat
HPRegen 0.37/turn                j - +5 ring of evasion
MPRegen 0.18/turn                S - +5 ring of evasion

@: hasted, very quick
A: reduced essence, thin metallic scales 2, demonic guardian 2, foul stench 2,
robust 1
a: Renounce Religion, Recall Ancestor, Ancestor Identity


You were in an ice cave.
You worshipped Hepliaklqana.
Hepliaklqana was pleased with you.
You visited 2 branches of the dungeon, and saw 13 of its levels.
You also visited: Ossuary and Ice Cave.

You collected 915 gold pieces.

Inventory:

Hand Weapons
 U - a +5 morningstar
 Z - a +1 demon whip of venom (weapon)
Missiles
 d - 14 throwing nets
 e - 5 javelins
 k - 47 poisoned darts
 C - 23 boomerangs (quivered)
 W - 5 atropa-tipped darts
 X - a curare-tipped dart
Armour
 b - a +0 leather armour (worn)
 c - a +0 pair of boots (worn)
 m - a +0 cloak (worn)
 V - the +3 hat of Pondering (worn) {ponderous, Will+ MP+10 Int+5}
   (You took it off Gastronok on level 8 of the Dungeon)

   Int:       It affects your intelligence (+5).
   MP:        It affects your magic capacity (+10).
   Will:      It increases your willpower.
Jewellery
 g - a ring of poison resistance
 h - a +6 ring of intelligence
 j - a +5 ring of evasion (left hand)
 A - an amulet of the acrobat (around neck)
 N - a ring of positive energy
 R - a ring of resist corrosion
 S - a +5 ring of evasion (right hand)
Wands
 o - a wand of acid (4)
 t - a wand of paralysis (14)
 u - a wand of roots (21)
Scrolls
 i - 2 scrolls of enchant armour
 n - a scroll of brand weapon
 p - a scroll of silence
 y - 9 scrolls of teleportation
 G - a scroll of fear
 P - a scroll of blinking
Potions
 q - 2 potions of haste
 s - 4 potions of flight
 D - 4 potions of brilliance
 E - a potion of mutation
 F - 3 potions of resistance
 H - 2 potions of berserk rage
 I - 2 potions of degeneration
 J - 6 potions of curing
 K - 2 potions of might
 L - 3 potions of attraction
 M - 4 potions of lignification
 Y - a potion of cancellation
Miscellaneous
 a - a condenser vane (inert)
 f - a lightning rod (4/4)


   Skills:
 - Level 10.0 Fighting
 - Level 5.1(7.2) Short Blades
 - Level 7.8(8.5) Long Blades
 + Level 10.2 Maces & Flails
 - Level 8.0 Throwing
 - Level 6.0 Armour
 - Level 4.0 Dodging
 - Level 8.0 Evocations


You had 12 spell levels left.
You didn't know any spells.
Your spell library contained the following spells:

 Spells                   Type           Power      Damage    Failure   Level
 Foxfire                  Conj/Fire      0%         2x1d2     30%         1
 Fireball                 Conj/Fire      0%         3d3       100%        5
 Starburst                Conj/Fire      0%         6d3       100%        6


Dungeon Overview and Level Annotations

Branches:
Dungeon (12/15)            Temple (1/1) D:4            Lair (0/5) D:11
    Orc (0/2) D:9         Ossuary (visited)           IceCv (1/1)

Altars:
Ashenzari
Cheibriados
Dithmenos
Fedhas
Gozag
Hepliaklqana
Kikubaaqudgha
Makhleb
Nemelex Xobeh
Okawaru
Qazlal
Ru
Sif Muna
Trog
Uskayaw
Vehumet
Wu Jian
Xom
Yredelemnul

Shops:
D:10 (


Innate Abilities, Weirdness & Mutations

Your life essence is reduced to manifest your ancestor. (-10% HP)
You are mostly covered in thin metallic scales. (AC +3)
A demonic guardian rushes to your aid.
You sometimes emit foul miasma when damaged in melee.
You are robust. (+10% HP)


Message History

You hit the spriggan simulacrum.
The spriggan simulacrum is almost destroyed.
Mbali is engulfed in freezing vapours.
Mbali hits the dire elephant simulacrum with a +0 quarterstaff!
You whack the spriggan simulacrum!
The spriggan simulacrum vaporises!
You are engulfed in freezing vapours.
You are too injured to fight recklessly!
Unknown command.
You whack the dire elephant simulacrum!
The dire elephant simulacrum is heavily damaged.
You are engulfed in freezing vapours.
The dire elephant simulacrum misses you.
The dire elephant simulacrum completely misses you.
The polar bear simulacrum bites Mbali!
Mbali is destroyed!
You hit the dire elephant simulacrum but do no damage.
The dire elephant simulacrum is heavily damaged.
You are engulfed in freezing vapours.
Unknown command.
You whack the dire elephant simulacrum!
The dire elephant simulacrum is heavily damaged.
You are engulfed in freezing vapours.
Unknown command.
You hit the dire elephant simulacrum.
The dire elephant simulacrum is heavily damaged.
You are engulfed in freezing vapours.
* * * LOW HITPOINT WARNING * * *
Unknown command.
Unknown command.
You whack the dire elephant simulacrum!
The dire elephant simulacrum is severely damaged.
Unknown command.
You hit the dire elephant simulacrum but do no damage.
The dire elephant simulacrum is severely damaged.
The dire elephant simulacrum tramples you but does no damage.
The dire elephant simulacrum trunk-slaps you!
* * * LOW HITPOINT WARNING * * *
The dire elephant simulacrum freezes you!!
You die...

##..## #.....#
#....## ......#
##..#..## ##.......
##.###...# #........
#..####..###§......#
##..#.)##§§#§....#
#..##...##°§Z§°.#
##..#....##○§ZZ###
#..##....###☼@§#
#..#....## #.☼.#
#..##.#.## #°°.#
#...###..# #°☼..
##..##...# #°°#..
#.......# ##.##..
##...#..# #.. .##
##..#..# #.. .#
####..##


You could see a three-headed hydra simulacrum, a dire elephant simulacrum and a
polar bear simulacrum.

Vanquished Creatures
  Gastronok (D:8)
  An ogre mage (D:12)
  A boulder beetle (D:12)
  7 two-headed ogres
  A death yak (D:11)
  Urug (D:10)
  A cyclops (D:10)
  A manticore (D:11)
  An ice statue (IceCv)
  Joseph (D:6)
  An unseen horror (D:11)
  A rime drake (D:12)
  Maggie (D:9)
  A yaktaur (D:12)
  Psyche (D:9)
  An ice devil (IceCv)
  2 trolls (D:9)
  An air elemental (D:11)
  2 vampires
  A fire elemental (D:11)
  8 yaks
  2 wyverns
  5 vampire mosquitoes
  An acid dragon (D:8)
  5 orc warriors
  3 black bears
  3 sky beasts
  An ice beast (D:6)
  4 ogres
  A phantom (D:5)
  3 centaurs
  3 kobold brigands
  2 scorpions
  An earth elemental (D:11)
  3 gnoll sergeants
  2 two-headed ogre simulacra (IceCv)
  A bullfrog (D:8)
  5 wights
  An elephant simulacrum (IceCv)
  8 killer bees
  2 electric eels (D:10)
  4 howler monkeys
  14 hounds
  A gnoll bouda (D:10)
  5 orc priests
  2 jellies
  Crazy Yiuf (D:2)
  A sleepcap (D:5)
  6 iguanas
  4 orc wizards
  2 hell rats (D:11)
  A spriggan simulacrum (IceCv)
  2 polar bear simulacra (IceCv)
  2 troll simulacra (IceCv)
  8 mummies (Ossuary)
  13 gnolls
  6 adders
  3 naga simulacra (IceCv)
  A river rat (D:11)
  A shadow imp (D:7)
  A white imp (D:5)
  An ufetubus (D:6)
  4 worms
  5 dart slugs
  35 orcs
  7 ball pythons
  9 endoplasms
  4 giant cockroaches
  A gnoll zombie (Ossuary)
  8 goblins
  8 hobgoblins
  7 jackals
  12 kobolds
  2 quokkas
  5 bats
  5 frilled lizards
  4 hobgoblin zombies (Ossuary)
  2 kobold zombies (Ossuary)
  An orc zombie (Ossuary)
  8 rats
298 creatures vanquished.

Vanquished Creatures (collateral kills)
  2 two-headed ogres
  2 death yaks (D:11)
  Amaemon (D:8)
  A cyclops (D:12)
  An ice statue (IceCv)
  An orange demon (D:8)
  4 yaktaurs
  2 ice devils (IceCv)
  2 trolls
  A dire elephant simulacrum (IceCv)
  A water elemental (D:11)
  5 yaks (D:11)
  Grum (D:10)
  A water moccasin (D:7)
  2 orc warriors
  An ogre (D:6)
  2 centaurs
  2 gnoll sergeants (D:10)
  5 wights
  A howler monkey (D:11)
  5 hounds (D:10)
  A sleepcap (D:8)
  2 orc wizards
  A spriggan simulacrum (IceCv)
  A wolf simulacrum (IceCv)
  18 gnolls
  3 river rats (D:11)
  A shadow imp (D:8)
  A white imp (IceCv)
  5 orcs
  A quokka (D:11)
  3 kobolds
80 creatures vanquished.

Vanquished Creatures (others)
  Sigmund (D:2)
  An ancestor (D:9)
  6 battlemagi
  2 demonic plants (D:2)
  19 plants
  4 withered plants (D:9)
33 creatures vanquished.

Grand Total: 411 creatures vanquished

Notes
Turn   | Place    | Note
-------+----------+-------------------------------------------
     0 | D:1      | Newt the Demonspawn Gladiator began the quest for the Orb.
     0 | D:1      | Reached XP level 1. HP: 16/16 MP: 1/1
   165 | D:1      | Gained mutation: You may rarely emit foul miasma when
                  | damaged in melee. [demonic ancestry]
   165 | D:1      | Reached XP level 2. HP: 21/23 MP: 2/2
   810 | D:2      | Reached XP level 3. HP: 22/29 MP: 3/3
  1218 | D:2      | Noticed Sigmund
  1237 | D:2      | Killed Sigmund
  1238 | D:2      | Gained mutation: A weak demonic guardian rushes to your
                  | aid. [demonic ancestry]
  1238 | D:2      | Reached XP level 4. HP: 14/37 MP: 4/4
  1238 | D:2      | Gained mutation: You are partially covered in thin metallic
                  | scales. (AC +2) [demonic ancestry]
  1238 | D:2      | Reached XP level 5. HP: 16/42 MP: 5/5
  1636 | D:2      | Found a radiant altar of Vehumet.
  1691 | D:2      | Found a faded altar of an unknown god.
  1691 | D:2      | Noticed a cacodemon
  1736 | D:2      | Found a runed translucent door.
  1737 | D:2      | Noticed Crazy Yiuf
  2065 | D:2      | Killed Crazy Yiuf
  2387 | D:3      | Reached skill level 5 in Short Blades
  2822 | D:3      | Reached skill level 1 in Long Blades
  2822 | D:3      | Reached XP level 6. HP: 48/48 MP: 6/6
  3047 | D:4      | Found a hide-covered altar of Uskayaw.
  3207 | D:4      | Found a staircase to the Ecumenical Temple.
  3223 | Temple   | Entered the Ecumenical Temple
  3635 | D:5      | Entered Level 5 of the Dungeon
  3654 | D:5      | Found a sand-covered staircase.
  3659 | Ossuary  | Entered an ossuary
  3689 | Ossuary  | Reached XP level 7. HP: 44/54 MP: 7/7
  5041 | D:6      | Gained mutation: A demonic guardian rushes to your aid.
                  | [demonic ancestry]
  5041 | D:6      | Reached XP level 8. HP: 58/60 MP: 8/8
  5214 | D:6      | Found a radiant altar of Vehumet.
  5231 | D:6      | Reached skill level 1 in Armour
  5573 | D:6      | Found a shadowy altar of Dithmenos.
  5574 | D:6      | Found a hazy altar of Hepliaklqana.
  5581 | D:6      | Became a worshipper of Hepliaklqana the Forgotten
  5721 | D:6      | Found a sparkling altar of Nemelex Xobeh.
  5721 | D:6      | Found an opulent altar of Gozag.
  5721 | D:6      | Found an ornate altar of the Wu Jian Council.
  5974 | D:7      | Reached skill level 5 in Armour
  6034 | D:7      | Noticed Joseph
  6532 | D:6      | Killed Joseph
  6533 | D:6      | Gained mutation: You sometimes emit foul miasma when
                  | damaged in melee. [demonic ancestry]
  6533 | D:6      | Reached XP level 9. HP: 28/65 MP: 9/9
  7178 | D:7      | Found a burning altar of Makhleb.
  7182 | D:7      | Reached skill level 5 in Evocations
  7707 | D:8      | Reached * piety under Hepliaklqana
  7770 | D:8      | Reached skill level 5 in Long Blades
  7771 | D:8      | Noticed Gastronok
  7781 | D:8      | Killed Gastronok
  7782 | D:8      | Reached XP level 10. HP: 16/63 MP: 10/10
  8138 | D:8      | Found a shimmering altar of Xom.
  8252 | D:8      | Noticed an orange demon
  8259 | D:8      | Killed an orange demon
  8263 | D:8      | Noticed Amaemon
  8267 | D:8      | Killed Amaemon
  8305 | D:8      | Identified the +5 glaive of the Eyes {vamp, rElec Will+}
  8385 | D:8      | Reached skill level 1 in Maces & Flails
  8874 | D:9      | Noticed Psyche
  8886 | D:9      | Killed Psyche
  9234 | D:9      | Reached skill level 5 in Maces & Flails
  9530 | D:9      | Found a blossoming altar of Fedhas.
  9531 | D:9      | Found an ancient bone altar of Kikubaaqudgha.
  9539 | D:9      | Noticed a two-headed ogre
  9550 | D:9      | Killed a two-headed ogre
 10082 | D:9      | Noticed Maggie
 10111 | D:9      | Reached XP level 11. HP: 62/72 MP: 11/11
 10150 | D:9      | Killed Maggie
 10317 | D:9      | Found a staircase to the Orcish Mines.
 10384 | D:10     | Entered Level 10 of the Dungeon
 10463 | D:10     | Noticed a two-headed ogre
 10586 | D:9      | Killed a two-headed ogre
 11584 | D:10     | Reached ** piety under Hepliaklqana
 11586 | D:10     | Remembered your ancestor Mbali as a battlemage
 11685 | D:10     | Noticed Grum
 11689 | D:10     | Killed Grum
 11774 | D:10     | Noticed Urug
 11785 | D:10     | Killed Urug
 11822 | D:10     | Reached skill level 10 in Maces & Flails
 11992 | D:10     | Found Ruasty's Weapon Boutique.
 12473 | D:11     | Found a large runed translucent door.
 12473 | D:11     | Found a large runed translucent door.
 12532 | D:11     | Noticed a death yak
 12532 | D:11     | Noticed a two-headed ogre
 12532 | D:11     | Noticed a two-headed ogre
 12543 | D:11     | Killed a two-headed ogre
 12545 | D:11     | Killed a two-headed ogre
 12556 | D:11     | Noticed a death yak
 12564 | D:11     | Killed a death yak
 12725 | D:11     | Killed a death yak
 12726 | D:11     | Reached skill level 5 in Throwing
 12726 | D:11     | Gained mutation: You are mostly covered in thin metallic
                  | scales. (AC +3) [demonic ancestry]
 12726 | D:11     | Reached XP level 12. HP: 36/79 MP: 12/12
 12874 | D:11     | Found a staircase to the Lair.
 12876 | D:11     | Noticed a death yak
 12892 | D:11     | Killed a death yak
 14200 | D:12     | Noticed a boulder beetle
 14217 | D:12     | Killed a boulder beetle
 14259 | D:12     | Noticed a two-headed ogre
 14260 | D:12     | Noticed a two-headed ogre
 14262 | D:12     | Noticed a two-headed ogre
 14266 | D:12     | Noticed an ogre mage
 14267 | D:12     | Noticed a two-headed ogre
 14267 | D:12     | Killed a two-headed ogre
 14274 | D:12     | Killed a two-headed ogre
 14275 | D:12     | Killed an ogre mage
 14278 | D:12     | Killed a two-headed ogre
 14280 | D:12     | Noticed a two-headed ogre
 14282 | D:12     | Killed a two-headed ogre
 14284 | D:12     | Killed a two-headed ogre
 14303 | D:12     | Found a frozen archway.
 14309 | IceCv    | Entered an ice cave
 15163 | IceCv    | Reached skill level 10 in Fighting
 15486 | IceCv    | Gained mutation: You are robust. (+10% HP) [demonic
                  | ancestry]
 15486 | IceCv    | Reached XP level 13. HP: 87/103 MP: 13/13
 15509 | IceCv    | Slain by a dire elephant simulacrum

Illustrated notes

Levels and vault maps discovered:
D:1:      minmay_arrival_plants_in_alcoves, layout_loops_ring
D:2:      minmay_general_purpose_star, layout_loops_ring,
          dreamdust_ecumenical_altar_sealed_demon, basic_altar,
          uniq_crazy_yiuf_cottage, uniq_sigmund
D:3:      layout_basic, kennysheep_potato
D:4:      layout_gridville, mainiacjoe_overflow_24_doors,
          nicolae_elyvilon_temple_path, minmay_temple_entry_ruins,
          grunt_decor_cap
D:5:      layout_loops_corners, nicolae_ossuary_entry_ruins
D:6:      layout_loops_corners, gammafunk_temple_overflow_claw,
          riverfiend_overflow_shadow_ancestor, nicolae_vehumet_radiance,
          st_stairs_6, serial_bayou_pond_d
D:7:      layout_cave_pools, makhleb_blood_cavern_becter, uniq_joseph
D:8:      layout_basic, nicolae_overflow_hidden_temple, uniq_gastronok,
          uniq_amaemon
D:9:      layout_roguey, grunt_temple_overflow_growth_and_decay, david_orc_4,
          feat_on_display, uniq_maggie, uniq_psyche
D:10:     layout_cave_pools, serial_gnoll_camp, gnoll_camp_huts_moat,
          gnoll_camp_mini_house, gnoll_camp_mini_doghouse, grums_kennel,
          gnoll_camp_mini_shop, uniq_urug
D:11:     layout_roguey, dpeg_lair_monsters, lightli_elemental_guards, uniq_grum
D:12:     layout_loops_cross, portal_ice_cave_rime, grunt_qazlal_clouds
Temple:   hellmonk_temple_beads
IceCv:    ice_cave_small_demon

Skill      XL: |  1  2  3  4  5  6  7  8  9 10 11 12 |
---------------+-------------------------------------+-----
Fighting       | 3 4 6 10 | 10.0
Short Blades   | 4 5 |  5.1
Long Blades    | 1 3 4 7 |  7.8
Dodging        | 4 |  4.0
Throwing       | 3 4 5 8 |  8.0
Armour         | 6 |  6.0
Evocations     | 2 6 8 |  8.0
Maces & Flails | 6 10 | 10.2

Action                     |  1- 3 |  4- 6 |  7- 9 | 10-12 | 13-15 || total
---------------------------+-------+-------+-------+-------+-------++-------
  Melee: Rapier            |   106 |   119 |       |       |       ||   225
         Scimitar          |       |    65 |   198 |    34 |       ||   297
         Punch             |       |     1 |     3 |    10 |       ||    14
         Demon whip        |       |       |       |   597 |    15 ||   612
  Throw: Stone             |     3 |       |     1 |       |       ||     4
         Boomerang         |       |       |     1 |    42 |     1 ||    44
         Dart              |       |       |       |    12 |       ||    12
         Javelin           |       |       |       |     1 |       ||     1
 Invoke: Recall Ancestor   |       |       |       |     1 |     1 ||     2
         Ancestor Life: Ba |       |       |       |     1 |       ||     1
  Evoke: Wand              |     1 |     1 |       |     8 |       ||    10
         Lightning rod     |       |       |       |     1 |       ||     1
         Condenser vane    |       |       |       |     1 |       ||     1
    Use: Potion            |     1 |       |     5 |     6 |     1 ||    13
         Scroll            |       |     6 |    10 |     7 |       ||    23
   Stab: Sleeping          |       |     2 |     1 |       |       ||     3
         Distracted        |       |       |       |     5 |       ||     5
 Armour: Leather armour    |    14 |    59 |    61 |    81 |     1 ||   216
         Skin              |     1 |     1 |       |       |       ||     2
  Dodge: Dodged            |    69 |   168 |   330 |   622 |     5 ||  1194

Table legend: (Time is in decaauts)
 A = Elapsed time spent in this place.
 B = Non-inter-level travel time spent in this place.
 C = Inter-level travel time spent in this place.
 D = Time resting spent in this place.
 E = Time spent auto-exploring this place.
 F = Levels seen in this place.
 G = Mean time per level.
                   A        B        C        D        E       F      G
               +--------+--------+--------+--------+--------+-----+--------+
         Total |  15762 |  15235 |    527 |   4130 |   8543 |  15 | 1050.8 |
       Dungeon |  14145 |  13631 |    514 |   3257 |   8084 |  12 | 1178.8 |
        Temple |    166 |    153 |     13 |      0 |    143 |   1 |  166.0 |
       Ossuary |    268 |    268 |      0 |      0 |    156 |   1 |  268.0 |
      Ice Cave |   1182 |   1182 |      0 |    873 |    160 |   1 | 1182.0 |
               +--------+--------+--------+--------+--------+-----+--------+

Top non-repeatable levels by time:
     D:9: 2421 daAuts
     D:6: 1798 daAuts
    D:11: 1729 daAuts
     D:2: 1330 daAuts
     D:8: 1320 daAuts
    D:10: 1206 daAuts
   IceCv: 1182 daAuts
     D:7: 1066 daAuts
     D:5: 966 daAuts
     D:1: 800 daAuts
     D:3: 758 daAuts
     D:4: 621 daAuts
 Ossuary: 268 daAuts
  Temple: 166 daAuts
    D:12: 125 daAuts
